 Dungeon Crawl Stone Soup version 0.27-a0-899-ge2d0b17c59 (webtiles) character file.

Game seed: 14702799361472177490

215 spiderkeys the Sneak (level 6, 0/35 HPs)
             Began as a Kobold Hunter on Apr 6, 2021.
             Slain by an iguana (13 damage)
             ... on level 4 of the Dungeon.
             The game lasted 00:04:23 (3547 turns).

spiderkeys the Sneak (Kobold Hunter)                Turns: 3547, Time: 00:04:25

Health: 0/35       AC:  3    Str:  9    XL:     6   Next: 15%
Magic:  6/6        EV: 18    Int: 13    God:
Gold:   152        SH:  0    Dex: 17    Spells: 5/5 levels left

rFire    . . .     SeeInvis .   a - +1 hand crossbow
rCold    . . .     Faith    .   (shield restricted)
rNeg     . . .     Spirit   .   c - +0 leather armour
rPois    .         Reflect  .   (no helmet)
rElec    .         Harm     .   (no cloak)
rCorr    .         Rampage  .   (no gloves)
Will     .....                  (no boots)
Stlth    ++++......             g - amulet of the acrobat
HPRegen  0.11/turn              j - +4 ring of evasion
MPRegen  0.10/turn              (no ring)

@: no status effects
A: small, no large weapons, nightstalker 3
a: no special abilities


You were on level 4 of the Dungeon.
You visited 1 branch of the dungeon, and saw 4 of its levels.

You collected 152 gold pieces.

Inventory:

Hand Weapons
 a - a +1 hand crossbow (weapon)
 b - a +0 short sword
Missiles
 d - 9 bolts (quivered ammo)
 h - 2 curare-tipped darts
Armour
 c - a +0 leather armour (worn)
Jewellery
 g - an amulet of the acrobat (around neck)
 j - a +4 ring of evasion (left hand)
Wands
 m - a wand of paralysis (8)
 r - a wand of iceblast (10)
Scrolls
 i - 4 scrolls of fog
 o - a scroll of teleportation
Potions
 e - a potion of curing
 f - a potion of might {unknown}
 k - a potion of resistance {unknown}
 l - a potion of flight {unknown}
 n - a potion of degeneration {unknown}
 q - a potion of cancellation {unknown}


   Skills:
 - Level 2.1 Fighting
 * Level 4.9 Short Blades
 - Level 5.0 Crossbows
 - Level 2.4 Dodging
 * Level 5.6 Stealth


You had 5 spell levels left.
You didn't know any spells.
Your spell library contained the following spells:

 Spells                   Type           Power      Damage    Failure   Level
 Animate Skeleton         Necr           0%         N/A       41%         1
 Apportation              Tloc           0%         N/A       41%         1
 Corona                   Hex            0%         N/A       41%         1
 Summon Small Mammal      Summ           0%         N/A       41%         1


Dungeon Overview and Level Annotations

Branches:
Dungeon (4/15)
 Temple: D:4-7

Altars:
Qazlal
Xom


Innate Abilities, Weirdness & Mutations

You are small and have problems with some larger weapons.
You are completely attuned to the shadows.


Message History

The iguana misses you.
Fire: 15 bolts
Press: ? - help, Q - select action, (/) - cycle Shift-Dir - straight line, f/p - iguana
Aim: an iguana (moderately wounded, 70% to hit)
You shoot a bolt. The bolt closely misses the iguana.
The iguana hisses menacingly.
The iguana barely misses you. x2
Fire: 14 bolts
Press: ? - help, Q - select action, (/) - cycle Shift-Dir - straight line, f/p - iguana
Aim: an iguana (moderately wounded, 70% to hit)
You shoot a bolt. The bolt closely misses the iguana.
The iguana bites you.
Unknown command.
Fire: 13 bolts
Press: ? - help, Q - select action, (/) - cycle Shift-Dir - straight line, f/p - iguana
Aim: an iguana (moderately wounded, 70% to hit)
You shoot a bolt.
The bolt hits the iguana but does no damage.
The iguana is moderately wounded.
The iguana closely misses you.
Fire: 12 bolts
Press: ? - help, Q - select action, (/) - cycle Shift-Dir - straight line, f/p - iguana
Aim: an iguana (moderately wounded, 70% to hit)
You shoot a bolt.
The bolt hits the iguana but does no damage.
The iguana is moderately wounded.
The iguana bites you.
Fire: 11 bolts
Press: ? - help, Q - select action, (/) - cycle Shift-Dir - straight line, f/p - iguana
Aim: an iguana (moderately wounded, 70% to hit)
You shoot a bolt. The bolt hits the iguana.
The iguana is heavily wounded.
The iguana completely misses you. The iguana closely misses you.
Fire: 10 bolts
Press: ? - help, Q - select action, (/) - cycle Shift-Dir - straight line, f/p - iguana
Aim: an iguana (heavily wounded, 70% to hit)
You shoot a bolt. The bolt hits the iguana.
The iguana is severely wounded.
The iguana bites you!
You die...

.........### ..
........... . ..
##.#.##..... ..
<...####.##.....
..
...)#.##...... .
..............
.#
......##......
..
.##...........
..
....@.........
.. ....l........
.. .......##) ..
........# ..
....(.... .. #.
#.


You could see an iguana.

Vanquished Creatures
  Ijyb (D:4)
  Natasha (thrice) (D:3)
  3 gnolls
  3 adders
  A worm (D:3)
  2 dart slugs (D:1)
  An orc (D:2)
  7 bats
  2 endoplasms (D:1)
  2 giant cockroaches
  8 goblins
  3 hobgoblins
  6 kobolds
  3 quokkas
  3 ball pythons
  6 frilled lizards
  A rat (D:1)
55 creatures vanquished.

Notes
Turn   | Place    | Note
-------+----------+-------------------------------------------
     0 | D:1      | spiderkeys the Kobold Hunter began the quest for the Orb.
     0 | D:1      | Reached XP level 1. HP: 12/12 MP: 1/1
   247 | D:1      | Reached skill level 1 in Short Blades
   247 | D:1      | Reached XP level 2. HP: 14/17 MP: 2/2
   595 | D:1      | Reached skill level 5 in Crossbows
   856 | D:1      | Found a faded altar of an unknown god.
  1076 | D:2      | Reached XP level 3. HP: 21/21 MP: 3/3
  2062 | D:3      | Reached XP level 4. HP: 26/26 MP: 4/4
  2559 | D:3      | Noticed Natasha
  2561 | D:3      | Killed Natasha
  2562 | D:3      | Reached XP level 5. HP: 30/30 MP: 5/5
  2808 | D:3      | Noticed Natasha
  2820 | D:3      | Killed Natasha
  2821 | D:3      | Reached skill level 5 in Stealth
  3138 | D:3      | Found a shimmering altar of Xom.
  3152 | D:3      | Noticed Natasha
  3155 | D:3      | Killed Natasha
  3156 | D:3      | Reached XP level 6. HP: 35/35 MP: 6/6
  3468 | D:4      | Noticed Ijyb
  3472 | D:4      | Killed Ijyb
  3490 | D:4      | Found a stormy altar of Qazlal.
  3547 | D:4      | Slain by an iguana

Illustrated notes

Levels and vault maps discovered:
D:1:      dpeg_arrival_rooms_c, layout_basic,
          shapermc_ecumenical_altar_notcrosses, chequers_arboretum
D:2:      layout_loops_ring, grunt_ministairs_6, minmay_misc_feat_encased,
          minmay_split_cup_small
D:3:      layout_basic, lemuel_doored_altar, uniq_natasha
D:4:      minmay_angry_zag, layout_cave_pools, elyvilon_altar_3,
          amcnicky_altar_gilded, cheibrodos_sewer_entry_bend, uniq_ijyb

Skill      XL: |  1  2  3  4  5 |
---------------+----------------+-----
Short Blades   | 1 2 4 |  4.9
Stealth        | 2 3 4 5 |  5.6
Crossbows      | 5 |  5.0
Fighting       | |  2.1
Dodging        | |  2.4

Action                   |  1- 3 |  4- 6 || total
-------------------------+-------+-------++-------
Melee: Short sword       |    82 |    62 ||   144
 Fire: Hand crossbow     |       |    43 ||    43
  Use: Scroll            |     2 |     2 ||     4
 Stab: Sleeping          |    14 |    10 ||    24
Armor: Leather armour    |    20 |    13 ||    33
Dodge: Dodged            |    51 |    61 ||   112

Table legend: (Time is in decaauts)
 A = Elapsed time spent in this place.
 B = Non-inter-level travel time spent in this place.
 C = Inter-level travel time spent in this place.
 D = Time resting spent in this place.
 E = Time spent auto-exploring this place.
 F = Levels seen in this place.
 G = Mean time per level.
                   A        B        C        D        E       F      G
               +--------+--------+--------+--------+--------+-----+--------+
         Total |   3548 |   3439 |    109 |      0 |   3040 |   4 |  887.0 |
       Dungeon |   3548 |   3439 |    109 |      0 |   3040 |   4 |  887.0 |
               +--------+--------+--------+--------+--------+-----+--------+

Top non-repeatable levels by time:
     D:3: 1196 daAuts
     D:2: 1164 daAuts
     D:1: 1073 daAuts
     D:4: 113 daAuts
